 Dungeon Crawl Stone Soup version 0.29.0-11-gd7f09526c8 (webtiles) character file.

Game seed: 10109213539442554124

20 mtoz the Magician (level 2, -1/15 HPs)
             Began as a Deep Elf Hedge Wizard on Sept 7, 2022.
             Slain by a kobold
             ... wielding a +0 dagger
              (3 damage)
             ... on level 1 of the Dungeon.
             The game lasted 00:07:30 (489 turns).

mtoz the Magician (Deep Elf Hedge Wizard)            Turns: 489, Time: 00:07:31

Health: -1/15      AC:  3    Str:  7    XL:     2   Next: 58%
Magic:  7/9        EV: 12    Int: 18    God:
Gold:   20         SH:  0    Dex: 14    Spells: 8/10 levels left

rFire   . . .      SeeInvis .   a - +1 dagger
rCold   . . .      Faith    .   (no shield)
rNeg    . . .      Spirit   .   e - +0 leather armour
rPois   .          Reflect  .   c - +0 hat
rElec   .          Harm     .   (no cloak)
rCorr   .          Rampage  .   (no gloves)
Will    .....                   (no boots)
Stlth   ++........              (no amulet)
HPRegen 0.05/turn               (no ring)
MPRegen 0.11/turn               (no ring)

@: no status effects
A: no striking features
a: no special abilities


You were on level 1 of the Dungeon.
You visited 1 branch of the dungeon, and saw 1 of its levels.

You collected 20 gold pieces.

Inventory:

Hand Weapons
 a - a +1 dagger (weapon)
 g - a +0 whip
Armour
 b - a +0 robe
 c - a +0 hat (worn)
 e - a +0 leather armour (worn)
Scrolls
 i - a scroll of identify {unknown}
Potions
 f - a potion of mutation {unknown}


   Skills:
 + Level 2.7 Dodging
 + Level 2.8 Stealth
 + Level 4.5 Spellcasting
 + Level 1.5 Conjurations
 + Level 1.4 Summonings
 + Level 1.5 Translocations


You had 8 spell levels left.
You knew the following spells:

 Your Spells              Type           Power      Damage    Failure   Level
a - Magic Dart            Conj           36%        1d4       11%         1
b - Slow                  Hex            16%        N/A       22%         1

Your spell library contained the following spells:

 Spells                   Type           Power      Damage    Failure   Level
 Blink                    Tloc           18%        N/A       17%         2
 Call Imp                 Summ           9%         N/A       17%         2
 Conjure Flame            Conj/Fire      6%         6-21      41%         3
 Mephitic Cloud           Conj/Pois/Air  5%         N/A       45%         3


Dungeon Overview and Level Annotations

Branches:
Dungeon (1/15)

Altars:

Annotations:
D:1 1 transporter


Message History

The magic dart hits the hobgoblin.
You kill the hobgoblin!
The ball python attacks as you move away!
The ball python closely misses you. The ball python completely misses you.
The ball python attacks as you move away!
The ball python bites you. The ball python completely misses you.
The frilled lizard unfolds its giant frill.
The ball python bites you. The ball python barely misses you.
Aiming: Magic Dart (safe; 12% risk of failure)
Press: ? - help, Q - select action, (/) - cycle Shift-Dir - straight line, f - ball python
Aim: a ball python (100% to hit)
The magic dart hits the ball python.
The ball python is moderately wounded.
The ball python bites you but does no damage.
The ball python grabs you. The ball python constricts you.
* * * LOW HITPOINT WARNING * * *
Magic courses through your body. The ball python bites you.
* * * LOW HITPOINT WARNING * * *
The ball python constricts you.
* * * LOW HITPOINT WARNING * * *
Aiming: Magic Dart (safe; 12% risk of failure)
Press: ? - help, Q - select action, (/) - cycle Shift-Dir - straight line, f/p - ball python
Aim: a ball python (moderately wounded, constricting you, 100% to hit)
The magic dart hits the ball python.
You kill the ball python!
Your magical contamination has completely faded away.
Okay, then.
You aren't carrying any items that you can evoke.
Unknown command.
Aiming: Magic Dart (safe; 11% risk of failure)
Press: ? - help, Q - select action, (/) - cycle Shift-Dir - straight line, f - frilled lizard
Aim: a frilled lizard (100% to hit)
The magic dart hits the frilled lizard.
You kill the frilled lizard!
As you read the scroll labelled NENGUI EMAB, it crumbles to dust.
It is a scroll of enchant weapon.
Your +0 dagger glows red for a moment.
The kobold hits you with a +0 dagger.
* * * LOW HITPOINT WARNING * * *
You closely miss the kobold. The kobold hits you with a +0 dagger.
You die...

#..l# ##.#. ... #$#
#)# #l# # #K# .. #K#
... ##### ##@# ...# #
##...###..#...# #####
##.....##.....#
....###†.)......###.#
##.....†........# #
#†####...†.....# ...#
##...†....# ####
#........##
#.......##


You could see 2 kobolds and a frilled lizard.

Vanquished Creatures
  2 ball pythons (D:1)
  2 bats (D:1)
  A giant cockroach (D:1)
  3 goblins (D:1)
  3 hobgoblins (D:1)
  2 kobolds (D:1)
  A quokka (D:1)
  A frilled lizard (D:1)
  3 rats (D:1)
18 creatures vanquished.

Notes
Turn   | Place    | Note
-------+----------+-------------------------------------------
     0 | D:1      | mtoz the Deep Elf Hedge Wizard began the quest for the Orb.
     0 | D:1      | Reached XP level 1. HP: 10/10 MP: 7/7
     2 | D:1      | Learned a level 1 spell: Slow
   289 | D:1      | Reached XP level 2. HP: 15/15 MP: 7/9
   489 | D:1      | Slain by a kobold

Illustrated notes

Levels and vault maps discovered:
D:1:      spicycebolla_arrival_risky_transporter, layout_rooms,
          hellmonk_ecumenical_altar_lost_god

Action                   || total
-------------------------++-------
Melee: Dagger            ||    26
 Cast: Magic Dart        ||    37
  Use: Scroll            ||     1
       Potion            ||     1
Armor: Leather armour    ||    13
Dodge: Dodged            ||    28
